 Dungeon Crawl Stone Soup version 0.26-a0-54-g15ccc7ae60 (webtiles) character file.

Game seed: 53276837809763372

759 Ozzies the Skirmisher (level 7, -6/46 HPs)
             Began as a Gargoyle Fighter on June 7, 2020.
             Killed from afar by an orc wizard (9 damage)
             ... with a puff of frost
             ... on level 5 of the Dungeon.
             The game lasted 00:06:36 (3952 turns).

Ozzies the Skirmisher (Gargoyle Fighter)            Turns: 3952, Time: 00:06:36

Health: -6/46      AC: 12    Str: 22    XL:     7   Next: 80%
Magic:  7/7        EV:  8    Int:  8    God:
Gold:   242        SH:  9    Dex:  9    Spells: 6/6 levels left

rFire    + . .     SeeInvis .   l - +1 whip (drain)
rCold    . . .     Gourm    .   c - +0 kite shield
rNeg     + . .     Faith    .   b - +0 scale mail
rPois    ∞         Spirit   .   (no helmet)
rElec    +         Reflect  .   (no cloak)
rCorr    .         Harm     .   (no gloves)
MR       .....                  (no boots)
Stlth    ..........             (no amulet)
HPRegen  0.15/turn              r - ring of protection from fire
MPRegen  0.10/turn              (no ring)

@: no status effects
A: negative energy resistance 1, electricity resistance, unbreathing,
petrification resistance, rot immunity, AC +4
a: no special abilities


You were on level 5 of the Dungeon.
You were not hungry.

You visited 1 branch of the dungeon, and saw 5 of its levels.

You collected 242 gold pieces.

Inventory:

Hand Weapons
 a - a +0 flail
 l - a +1 whip of draining (weapon)
Armour
 b - a +0 scale mail (worn)
 c - a +0 kite shield (worn)
Jewellery
 r - a ring of protection from fire (left hand)
 w - a cursed amulet of inaccuracy {unknown}
Wands
 q - a wand of paralysis (5)
Scrolls
 e - 3 scrolls of teleportation {unknown}
 h - 2 scrolls of amnesia {unknown}
 j - 10 scrolls of identify {unknown}
 o - 3 scrolls of remove curse {unknown}
 p - a scroll of enchant armour {unknown}
 s - a scroll of fog {unknown}
 t - a scroll of random uselessness {unknown}
 u - 2 scrolls of blinking {unknown}
Potions
 d - 3 potions of might
 g - 3 potions of curing {unknown}
 i - 2 potions of magic {unknown}
 k - a potion of lignification {unknown}
 m - 3 potions of stabbing {unknown}
 n - 2 potions of brilliance {unknown}
 v - a potion of degeneration {unknown}
Comestibles
 f - 3 rations


   Skills:
 * Level 6.2 Fighting
 + Level 3.9 Maces & Flails
 - Level 5.0 Armour
 + Level 2.4 Dodging
 - Level 0.5 Stealth
 + Level 4.9 Shields


You had 6 spell levels left.
You didn't know any spells.
Your spell library was empty.

Dungeon Overview and Level Annotations

Branches:
Dungeon (5/15)
 Temple: D:4-7

Altars:

Shops:
D:4 *


Innate Abilities, Weirdness & Mutations

You are resistant to torment.
Your stone body is resilient. (AC +4)
You are immune to poison.
You resist negative energy. (rN+)
You are resistant to electric shocks. (rElec)
You can survive without breathing.
You are immune to petrification.
You are immune to rotting.


Message History

The orc wizard casts a spell at you. You block the puff of frost.
The orc wizard mumbles some strange words.
The orc wizard seems to speed up.
The orc wizard casts a spell at you. The puff of frost hits you!
* * * LOW HITPOINT WARNING * * *
The orc wizard looks satisfied for a moment.
The orc wizard hits you but does no damage.
The orc wizard gestures at you while chanting.
The puff of flame hits you. You resist.
* * * LOW HITPOINT WARNING * * *
The orc wizard gestures at you while chanting.
The puff of frost hits you.
* * * LOW HITPOINT WARNING * * *
There is a stone staircase leading up here.
The orc wizard hits you but does no damage.
The orc wizard casts a spell at you. The puff of frost hits you!
You die...

#.# #.###### #.#
#)#### #......# #.#
#....# ######.# #.#
...#.# #.# #.# ##.#.#
#.# #.# #.#<#
#.####.## #.#.#
#.......#
#.#.##############..#
##.#............@o...#
.#.#################.#
.#.# #.# .#.##### #.#
.#.....# #.# .#####.#
#.# .# #.# ########.#
## #.# #....o.#.# #.#
#.####.#.#


You could see an orc wizard (fast).

Vanquished Creatures
  A hungry ghost (D:3)
  Menkaure (D:4)
  A phantom (D:4)
  2 iguanas
  7 worker ants
  2 orc wizards (D:5)
  3 adders
  An ooze (D:4)
  An adder skeleton (D:3)
  A worm (D:5)
  2 leopard geckos (D:3)
  10 orcs
  4 bats
  5 giant cockroaches
  6 goblins
  3 hobgoblins
  3 jackals (D:5)
  6 kobolds
  A quokka (D:3)
  A ball python (D:3)
  7 frilled lizards
  2 quokka skeletons
  4 rats
74 creatures vanquished.

Vanquished Creatures (others)
  An orc wizard (D:5)
1 creature vanquished.

Grand Total: 75 creatures vanquished

Notes
Turn   | Place    | Note
-------+----------+-------------------------------------------
     0 | D:1      | Ozzies the Gargoyle Fighter began the quest for the Orb.
     0 | D:1      | Reached XP level 1. HP: 14/14 MP: 1/1
   264 | D:1      | Reached XP level 2. HP: 20/20 MP: 2/2
  1027 | D:2      | Reached XP level 3. HP: 24/24 MP: 3/3
  1659 | D:3      | Reached XP level 4. HP: 29/29 MP: 4/4
  1738 | D:3      | Reached skill level 4 in Fighting
  2182 | D:3      | Noticed a hungry ghost
  2214 | D:3      | Killed a hungry ghost
  2214 | D:3      | Reached skill level 1 in Dodging
  2214 | D:3      | Reached XP level 5. HP: 34/34 MP: 5/5
  2308 | D:4      | Found Pucwusug's Assorted Antiques.
  2320 | D:4      | Reached XP level 6. HP: 40/40 MP: 6/6
  2567 | D:4      | Reached skill level 5 in Fighting
  2792 | D:4      | Noticed Menkaure
  2806 | D:4      | Killed Menkaure
  2981 | D:4      | Noticed a phantom
  3027 | D:4      | Killed a phantom
  3027 | D:4      | Reached XP level 7. HP: 27/44 MP: 7/7
  3316 | D:5      | Entered Level 5 of the Dungeon
  3664 | D:5      | Reached skill level 6 in Fighting
  3883 | D:5      | Reached skill level 5 in Armour
  3948 | D:5      | HP: 2/46 [orc wizard/puff of frost (2)]
  3952 | D:5      | Killed from afar by an orc wizard

Illustrated notes

Levels and vault maps discovered:
D:1:      erik_arrival_orb_chamber, layout_basic, st_stairs_9
D:2:      layout_rooms
D:3:      layout_loops_corners
D:4:      layout_basic, serial_shops, shop, roderic_filled_cross, uniq_menkaure
D:5:      layout_basic, first_ration, zaba_anthole, uniq_sigmund

Skill      XL: |  1  2  3  4  5  6  7 |
---------------+----------------------+-----
Fighting       | 4 5 6 |  6.2
Maces & Flails | 3 |  3.9
Armour         | 4 5 |  5.0
Dodging        | 1 2 |  2.4
Shields        | 4 |  4.9
Stealth        | |  0.5

Action                   |  1- 3 |  4- 6 |  7- 9 || total
-------------------------+-------+-------+-------++-------
Melee: Flail             |    69 |       |       ||    69
       Whip              |    45 |   136 |   130 ||   311
  Use: Potion            |       |     1 |       ||     1
  Eat: Chunk             |     2 |     4 |     1 ||     7
       Ration            |       |     2 |     1 ||     3
Armor: Scale mail        |    69 |    47 |   105 ||   221
Dodge: Dodged            |    40 |    28 |    55 ||   123
Block: Kite shield       |    64 |    52 |    74 ||   190

Table legend:
 A = Non-vault XP
 B = Vault XP
 C = Vault XP percentage of total XP
 D = Non-vault monster count
 E = Vault monster count
 F = Vault count percentage of total count
                 A         B        C        D         E       F
            +---------+---------+-------+---------+---------+-------
      Total |     759 |     326 |  30.0 |      66 |       9 |  12.0
            +---------+---------+-------+---------+---------+-------
        D:1 |      25 |       5 |  16.7 |      15 |       4 |  21.1
        D:2 |      20 |       0 |   0.0 |       6 |       0 |   0.0
        D:3 |     254 |       0 |   0.0 |      22 |       0 |   0.0
        D:4 |     224 |     183 |  45.0 |       7 |       1 |  12.5
        D:5 |     236 |     138 |  36.9 |      16 |       4 |  20.0
            +---------+---------+-------+---------+---------+-------
